 Dungeon Crawl Stone Soup version 0.27-a0-1278-g6cbc8dfb29 (webtiles) character file.

Game seed: 12450314122633024241

12899 dickylongcocking the Fighter (level 11, -18/95 HPs)
             Began as a Demonspawn Gladiator on June 13, 2021.
             Was the Champion of Makhleb.
             Demolished by Rupert (38 damage)
             ... on level 12 of the Dungeon.
             The game lasted 00:08:45 (13277 turns).

dickylongcocking the Fighter (DsGl)                Turns: 13277, Time: 00:08:47

Health: -18/95     AC: 16    Str: 16 (18) XL:     11   Next: 68%
Magic:  17/17      EV:  9    Int:  8 (9)  God:    Makhleb [******]
Gold:   547        SH:  4    Dex: 13 (15) Spells: 10/10 levels left

rFire    + . .     SeeInvis .   H - +5 scimitar (freeze)
rCold    . . .     Faith    +   J - +0 buckler
rNeg     . . .     Spirit   .   F - +2 chain mail {rPois}
rPois    +         Reflect  .   c - +0 helmet
rElec    .         Harm     +   L - scarf {harm}
rCorr    .         Rampage  .   (no gloves)
Will     +....                  r - +0 pair of boots
Stlth    ..........             f - amulet of faith
HPRegen  0.25/turn              m - ring of willpower
MPRegen  0.15/turn              n - ring of protection from fire

@: no status effects
A: thin metallic scales 2, ignite blood 3, spiny 1, talons 1, sturdy frame 1
a: Renounce Religion, Minor Destruction, Lesser Servant of Makhleb, Major
Destruction, Greater Servant of Makhleb


You were on level 12 of the Dungeon.
You worshipped Makhleb.
Makhleb was exalted by your worship.
You visited 1 branch of the dungeon, and saw 12 of its levels.

You collected 547 gold pieces.

Inventory:

Hand Weapons
 a - a +0 long sword
 E - a +0 scimitar
 H - a +5 scimitar of freezing (weapon)
Missiles
 d - 2 throwing nets (quivered)
 k - 4 atropa-tipped darts
Armour
 b - a +0 leather armour
 c - a +0 helmet (worn)
 i - a +0 cloak
 r - a +0 pair of boots (worn)
 C - a +0 chain mail
 F - a +2 chain mail of poison resistance (worn)
 J - a +0 buckler (worn)
 L - a scarf of harm (worn)
Jewellery
 f - an amulet of faith (around neck)
 m - a ring of willpower (left hand)
 n - a ring of protection from fire (right hand)
 I - a ring of magical power
Wands
 w - a wand of flame (46)
 y - a wand of iceblast (3)
 A - a wand of acid (10)
 M - a wand of paralysis (7)
Scrolls
 g - a scroll of summoning {unknown}
 h - 14 scrolls of identify {unknown}
 j - 3 scrolls of enchant weapon
 l - 2 scrolls of amnesia {unknown}
 o - 3 scrolls of holy word {unknown}
 p - a scroll of fog {unknown}
 u - 3 scrolls of fear {unknown}
 B - 3 scrolls of teleportation {unknown}
 G - a scroll of vulnerability {unknown}
 K - a scroll of torment {unknown}
 N - a scroll of enchant armour {unknown}
Potions
 e - 6 potions of curing
 q - 3 potions of might {unknown}
 s - a potion of resistance {unknown}
 t - 2 potions of attraction {unknown}
 v - 2 potions of flight {unknown}
 x - 2 potions of lignification {unknown}
 z - a potion of cancellation {unknown}
 D - 2 potions of brilliance {unknown}
 O - 2 potions of degeneration


   Skills:
 * Level 11.7 Fighting
 * Level 11.2 Long Blades
 - Level 1.7 Throwing
 * Level 2.9 Armour
 * Level 4.1 Dodging
 * Level 2.8 Shields
 * Level 8.7 Invocations


You had 10 spell levels left.
You didn't know any spells.
Your spell library contained the following spells:

 Spells                   Type           Power      Damage    Failure   Level
 Animate Skeleton         Necr           0%         N/A       99%         1
 Corona                   Hex            0%         N/A       99%         1
 Magic Dart               Conj           0%         1d3       99%         1
 Pain                     Necr           0%         1d4       99%         1
 Blink                    Tloc           N/A        N/A       100%        2
 Call Imp                 Summ           0%         N/A       100%        2
 Searing Ray              Conj           0%         3d3       100%        2
 Slow                     Hex            0%         N/A       100%        2
 Conjure Flame            Conj/Fire      0%         6-21      100%        3
 Dazzling Flash           Conj/Hex       0%         N/A       100%        3
 Inner Flame              Hex/Fire       0%         N/A       100%        3
 Mephitic Cloud           Conj/Pois/Air  0%         N/A       100%        3
 Portal Projectile        Hex/Tloc       0%         N/A       100%        3
 Vampiric Draining        Necr           0%         2d6       100%        3
 Animate Dead             Necr           0%         N/A       100%        4
 Cause Fear               Hex            0%         N/A       100%        4
 Fulminant Prism          Conj/Hex       0%         3d6       100%        4
 Iskenderun's Mystic Bla  Conj/Tloc      0%         2d3       100%        4
 Leda's Liquefaction      Hex/Erth       0%         N/A       100%        4
 Agony                    Necr           0%         N/A       100%        5


Dungeon Overview and Level Annotations

Branches:
Dungeon (12/15)            Temple (0/1) D:6            Lair (0/6) D:9
    Orc (0/2) D:9

Altars:
Fedhas
Makhleb
Nemelex Xobeh
Trog
Yredelemnul
Zin
The Shining One

Annotations:
D:3 Ijyb
D:7 1 runed translucent door
D:8 2 transporters
D:12 Rupert


Innate Abilities, Weirdness & Mutations

You are mostly covered in thin metallic scales. (AC +3)
Your demonic aura causes all spilled blood to erupt in flames.
You are partially covered in sharp spines.
You have sharp toenails.
Your movements are slightly less encumbered by armour. (ER -2)


Message History

You are too injured to fight recklessly!
The vampire mosquito bites you but does no damage.
Rupert is engulfed in blazing flames.
The vampire mosquito bites you.
The vampire mosquito draws strength from your injuries!
You are too injured to fight recklessly!
Unknown command.
Unknown command.
Press: ? - help, v - describe, . - travel
Here: Rupert, wielding a +1 vorpal battleaxe and wearing a +0 ring mail (lightly wounded, berserk)
The floor.
Okay, then.
Okay, then.
As you read the scroll labelled WAFUVV UHIT, it crumbles to dust.
It is a scroll of enchant weapon.
Your +4 scimitar of freezing glows red for a moment.
The vampire mosquito is engulfed in blazing flames.
You block the vampire mosquito's attack.
Rupert hits you with a +1 vorpal battleaxe!!
* * * LOW HITPOINT WARNING * * *
x2 The vampire mosquito is engulfed in blazing flames.
You destroy the vampire mosquito!
Makhleb accepts your kill.
You feel better.
The vampire mosquito is engulfed in blazing flames.
The vampire mosquito is struck by your spines.
The vampire mosquito completely misses you.
Unknown command.
The vampire mosquito is engulfed in blazing flames.
You destroy the vampire mosquito!
Makhleb accepts your kill.
You feel better.
Unknown command.
Okay, then.
It was a potion of degeneration.
There was something very wrong with that liquid.
You feel weakened.
You feel dopey.
You feel clumsy.
Rupert is engulfed in blazing flames.
Rupert is struck by your spines. Rupert barely misses you.
Rupert is engulfed in blazing flames.
Rupert hits you with a +1 vorpal battleaxe!!
You die...

#...#....#
#.#...####
..######.###.#
.>.......###.#
..###....)...#
#...#######..#
#..........###
.......§.○§.##
.......@@.$..#
........○§...#
.............#
......>.)....#
.............#
............##
#..........##
############


You could see Rupert (berserk).

Vanquished Creatures
  2 two-headed ogres
  A manticore (D:11)
  A cyclops (D:7)
  2 ugly things
  A gargoyle (D:11)
  Maurice (D:8)
  3 unseen horrors (D:10)
  A troll (D:9)
  A hornet (D:11)
  A slime creature (D:9)
  Sigmund (D:2)
  2 shadows (D:11)
  A vampire (D:11)
  4 yaks (D:10)
  Grum (D:9)
  7 vampire mosquitoes
  5 steam dragons
  3 wargs (D:9)
  2 acid dragons (D:9)
  Duvessa (D:7)
  A water moccasin (D:7)
  9 orc warriors
  2 black bears (D:6)
  A sky beast (D:7)
  A necrophage (D:7)
  An ogre (D:6)
  3 wolves (D:9)
  6 centaurs
  3 kobold brigands
  6 scorpions (D:7)
  Dowan (D:7)
  A killer bee (D:7)
  5 wights
  2 jellies (D:6)
  4 howler monkeys
  5 centaur zombies
  3 hounds
  A gnoll shaman (D:4)
  8 orc priests
  Crazy Yiuf (D:2)
  A bullfrog skeleton (D:5)
  2 iguanas (D:5)
  Natasha (thrice) (D:2)
  13 orc wizards
  Terence (D:3)
  2 howler monkey zombies
  13 gnolls
  8 adders
  2 shadow imps
  2 white imps
  An adder skeleton (D:3)
  A worm (D:3)
  A dart slug (D:1)
  38 orcs
  5 endoplasms
  7 giant cockroaches
  7 goblins
  12 hobgoblins
  13 jackals
  2 quokkas
  6 ball pythons
  4 bats
  2 frilled lizards
  20 kobolds
  4 rats
  A butterfly (D:7)
276 creatures vanquished.

Vanquished Creatures (others)
  A fungus (D:2)
1 creature vanquished.

Grand Total: 277 creatures vanquished

Notes
Turn   | Place    | Note
-------+----------+-------------------------------------------
     0 | D:1      | dickylongcocking the Demonspawn Gladiator began the quest
                  | for the Orb.
     0 | D:1      | Reached XP level 1. HP: 16/16 MP: 1/1
   317 | D:1      | Gained mutation: Your demonic aura sometimes causes spilled
                  | blood to erupt in flames. [demonic ancestry]
   317 | D:1      | Reached XP level 2. HP: 22/22 MP: 2/2
   490 | D:1      | Found a faded altar of an unknown god.
   567 | D:1      | Became a worshipper of Makhleb the Destroyer
   567 | D:1      | Reached * piety under Makhleb
  1352 | D:2      | Reached XP level 3. HP: 27/27 MP: 3/3
  1508 | D:2      | Found a bloodstained altar of Trog.
  1546 | D:2      | Noticed Sigmund
  1547 | D:2      | Gained mutation: You occasionally shout uncontrollably at
                  | your foes. [potion of mutation]
  1547 | D:2      | Gained mutation: You possess an exceptional clarity of
                  | mind. [potion of mutation]
  1555 | D:2      | Killed Sigmund
  1556 | D:2      | Gained mutation: Your demonic aura often causes spilled
                  | blood to erupt in flames. [demonic ancestry]
  1556 | D:2      | Reached XP level 4. HP: 22/37 MP: 4/4
  1556 | D:2      | Reached XP level 5. HP: 25/42 MP: 5/5
  1556 | D:2      | Lost mutation: You possess an exceptional clarity of mind.
                  | [potion of mutation]
  1556 | D:2      | Lost mutation: You occasionally shout uncontrollably at
                  | your foes. [potion of mutation]
  1556 | D:2      | Gained mutation: Your movements are slightly less
                  | encumbered by armour. (ER -2) [potion of mutation]
  1556 | D:2      | Gained mutation: You have sharp toenails. [potion of
                  | mutation]
  1720 | D:2      | Found a runed translucent door.
  1721 | D:2      | Noticed Crazy Yiuf
  1729 | D:2      | Killed Crazy Yiuf
  1829 | D:2      | Noticed Natasha
  1832 | D:2      | Killed Natasha
  1833 | D:2      | Reached skill level 5 in Long Blades
  1953 | D:2      | Gained mutation: You are partially covered in sharp spines.
                  | [demonic ancestry]
  1953 | D:2      | Reached XP level 6. HP: 48/48 MP: 6/6
  2016 | D:2      | Noticed Natasha
  2025 | D:2      | Killed Natasha
  2303 | D:2      | Noticed Natasha
  2310 | D:2      | Killed Natasha
  2579 | D:3      | Reached ** piety under Makhleb
  2809 | D:3      | Noticed Ijyb
  2816 | D:3      | HP: 1/49 [gnoll/stone (9)]
  3190 | D:3      | Noticed Terence
  3195 | D:3      | Killed Terence
  3865 | D:4      | Reached skill level 5 in Fighting
  3917 | D:4      | Identified the +6 quarterstaff of Immorality {vamp, Fly
                  | rCorr Int-2 Dex+3}
  4358 | D:4      | Reached *** piety under Makhleb
  4442 | D:4      | Reached XP level 7. HP: 54/56 MP: 7/7
  4770 | D:5      | Entered Level 5 of the Dungeon
  5779 | D:6      | Found a staircase to the Ecumenical Temple.
  5941 | D:6      | Gained mutation: Your demonic aura causes all spilled blood
                  | to erupt in flames. [demonic ancestry]
  5941 | D:6      | Reached XP level 8. HP: 30/65 MP: 8/8
  5944 | D:6      | Reached **** piety under Makhleb
  6660 | D:7      | Noticed a cyclops
  6665 | D:7      | Killed a cyclops
  6986 | D:7      | Noticed Dowan
  6987 | D:7      | Noticed Duvessa
  6993 | D:7      | Gained mutation: You are partially covered in thin metallic
                  | scales. (AC +2) [demonic ancestry]
  6993 | D:7      | Reached XP level 9. HP: 62/75 MP: 9/9
  6998 | D:7      | Killed Duvessa
  7001 | D:7      | Killed Dowan
  7245 | D:7      | Found a sparkling altar of Nemelex Xobeh.
  7252 | D:7      | Found a faded altar of an unknown god.
  7254 | D:7      | Found a basalt altar of Yredelemnul.
  7256 | D:7      | Found a faded altar of an unknown god.
  7459 | D:7      | Found a runed translucent door.
  7461 | D:7      | Found a runed translucent door.
  7751 | D:7      | Found a burning altar of Makhleb.
  7753 | D:7      | Found a blossoming altar of Fedhas.
  7893 | D:7      | Reached ***** piety under Makhleb
  8150 | D:7      | Reached skill level 1 in Invocations
  8468 | D:8      | Reached skill level 10 in Fighting
  8761 | D:8      | Gained mutation: You are mostly covered in thin metallic
                  | scales. (AC +3) [demonic ancestry]
  8761 | D:8      | Reached XP level 10. HP: 85/85 MP: 10/12
  8769 | D:8      | Noticed Maurice
  8771 | D:8      | Noticed a two-headed ogre
  8780 | D:8      | Killed a two-headed ogre
  8781 | D:8      | Reached skill level 10 in Long Blades
  8793 | D:8      | Killed Maurice
  8928 | D:8      | Noticed a fire crab
  8959 | D:8      | Reached skill level 5 in Invocations
  8985 | D:8      | Found a transporter.
  9290 | D:8      | Found a transporter.
  9847 | D:9      | Found a runed translucent door.
 10094 | D:9      | Found a staircase to the Orcish Mines.
 10131 | D:9      | Found a staircase to the Lair.
 10667 | D:9      | Noticed Grum
 10690 | D:9      | Killed Grum
 11346 | D:10     | Entered Level 10 of the Dungeon
 11597 | D:10     | Reached XP level 11. HP: 88/93 MP: 16/16
 11780 | D:10     | Reached skill level 1 in Shields
 11789 | D:10     | Reached skill level 1 in Armour
 12419 | D:11     | Noticed a two-headed ogre
 12426 | D:11     | Killed a two-headed ogre
 12743 | D:11     | Noticed a green ugly thing
 12749 | D:11     | Killed a green ugly thing
 12987 | D:11     | Reached ****** piety under Makhleb
 13259 | D:12     | Noticed Rupert
 13260 | D:12     | Noticed a green ugly thing
 13271 | D:12     | Killed a green ugly thing
 13277 | D:12     | Demolished by Rupert

Illustrated notes

Levels and vault maps discovered:
D:1:      dpeg_arrival_pond, layout_basic,
          shapermc_ecumenical_altar_mp_vishouse, minmay_tree_intersection,
          chequers_serial_rivers_room_b
D:2:      layout_loops_ring, basic_altar, minmay_small_reverse_x,
          uniq_crazy_yiuf_cottage, uniq_natasha, uniq_sigmund
D:3:      layout_loops_ring, minmay_misc_feat_nine_boxes, glass_columns_b,
          minmay_bisected, uniq_terence, uniq_ijyb
D:4:      layout_loops_corners, overflow_temple_1_default, minmay_cut_off
D:5:      layout_rooms, corexii_checkpoint_b
D:6:      layout_cave_pods, temple_doors_cd, serial_park_tiny_pond,
          kennysheep_cross_bottleneck
D:7:      lemuel_insect_pit, layout_loops_ring,
          chequers_temple_overflow_minitemple, gammafunk_temple_overflow_pools,
          uniq_duvessa
D:8:      gammafunk_wand_slinger, layout_basic, uniq_maurice
D:9:      layout_basic, erik_lair_orcish_takeover, orc_0_dummy,
          minmay_st_funbox, uniq_grum
D:10:     layout_loops_ring
D:11:     layout_rooms
D:12:     layout_rooms, serial_shops, nicolae_shop_waterfront, uniq_frances,
          uniq_erolcha, uniq_rupert

Skill      XL: |  1  2  3  4  5  6  7  8  9 10 11 |
---------------+----------------------------------+-----
Long Blades    | 3 4 5 6 8 9 10 11 | 11.2
Fighting       | 4 5 6 8 10 11 | 11.7
Invocations    | 2 7 8 |  8.7
Shields        | 2 |  2.8
Armour         | 2 |  2.9
Dodging        | 4 |  4.1
Throwing       | |  1.7

Action                   |  1- 3 |  4- 6 |  7- 9 | 10-12 || total
-------------------------+-------+-------+-------+-------++-------
Melee: Long sword        |    80 |    88 |   232 |       ||   400
       Kick              |       |    25 |    10 |       ||    35
       Scimitar          |       |       |    24 |   179 ||   203
Throw: Throwing net      |     2 |     1 |       |       ||     3
Invok: Lesser Servant of |       |       |       |     1 ||     1
Evoke: Wand              |       |       |     2 |       ||     2
  Use: Potion            |     2 |     4 |     1 |     2 ||     9
       Scroll            |       |       |       |     1 ||     1
 Stab: Sleeping          |       |     2 |       |       ||     2
Armor: Leather armour    |    39 |    15 |    14 |       ||    68
       Chain mail        |       |       |   124 |   153 ||   277
Dodge: Dodged            |    78 |    48 |   150 |    90 ||   366
Block: Buckler           |       |       |       |    10 ||    10
       Rpst.: Long sword |    29 |    12 |    41 |       ||    82
       Scimitar          |       |       |     4 |    24 ||    28

Table legend: (Time is in decaauts)
 A = Elapsed time spent in this place.
 B = Non-inter-level travel time spent in this place.
 C = Inter-level travel time spent in this place.
 D = Time resting spent in this place.
 E = Time spent auto-exploring this place.
 F = Levels seen in this place.
 G = Mean time per level.
                   A        B        C        D        E       F      G
               +--------+--------+--------+--------+--------+-----+--------+
         Total |  13285 |  12753 |    532 |   1549 |   9683 |  12 | 1107.1 |
       Dungeon |  13285 |  12753 |    532 |   1549 |   9683 |  12 | 1107.1 |
               +--------+--------+--------+--------+--------+-----+--------+

Top non-repeatable levels by time:
     D:7: 1780 daAuts
     D:2: 1770 daAuts
     D:9: 1565 daAuts
     D:6: 1339 daAuts
     D:8: 1318 daAuts
     D:1: 1044 daAuts
     D:3: 1014 daAuts
     D:4: 972 daAuts
    D:11: 964 daAuts
    D:10: 900 daAuts
     D:5: 556 daAuts
    D:12: 58 daAuts
